 Dungeon Crawl Stone Soup version 0.19-a0-188-ga21aea4 (webtiles) character file.

40467 protoss039 the Basher (level 14, -11/92 HPs)
             Began as a Gargoyle Fighter on May 21, 2016.
             Was the Champion of Okawaru.
             Killed from afar by a fire dragon (58 damage)
             ... with a blast of flame
             ... on level 15 of the Dungeon on May 23, 2016.
             The game lasted 01:48:44 (15203 turns).

protoss039 the Basher (Gargoyle Fighter)           Turns: 15203, Time: 01:48:45

Health: -11/92     AC: 24    Str: 24    XL:     14   Next: 11%
Magic:  18/18      EV: 11    Int:  9    God:    Okawaru [******]
Gold:   1880       SH: 18    Dex: 10    Spells: 0 memorised, 13 levels left

rFire  x . .     SeeInvis .     k - +6 eveningstar (drain)
rCold  + . .     Gourm    .     I - +4 ring mail of Immorality {rF- rC+ Regen+}
rNeg   + . .     Faith    .     D - +2 shield
rPois  ∞         Spirit   .     y - +0 helmet
rElec  +         Dismiss  .     b - +0 cloak {MR+}
rCorr  .         Reflect  +     (no gloves)
SustAt .         Harm     .     (no boots)
MR     ++...                    E - +3 amulet of reflection
Stlth  ..........               F - +2 ring of slaying
                                o - +4 ring of slaying

@: very resistant to hostile enchantments, extremely unstealthy
A: big wings, negative energy resistance 1, electricity resistance, unbreathing,
petrification resistance, rot immunity, AC +9
a: Fly, Heroism, Finesse, Renounce Religion


You were on level 15 of the Dungeon.
You worshipped Okawaru.
Okawaru was exalted by your worship.
You were not hungry.

You visited 2 branches of the dungeon, and saw 16 of its levels.
You also visited: Bailey.

You collected 2001 gold pieces.
You spent 121 gold pieces at shops.

Inventory:

Hand Weapons
 k - a +6 eveningstar of draining (weapon)
Missiles
 r - 14 throwing nets (quivered)
 V - 10 large rocks
Armour
 b - a +0 cloak of magic resistance (worn)
 y - a +0 helmet (worn)
 D - a +2 shield (worn)
 I - the +4 ring mail of Immorality (worn) {rF- rC+ Regen+}
   (You found it on level 9 of the Dungeon)

   It makes you vulnerable to fire.
   It protects you from cold.
   It increases your rate of regeneration.
 O - a +0 fire dragon armour
Jewellery
 h - an uncursed ring of sustain attributes
 i - an uncursed ring of protection from fire
 m - a +2 ring of evasion
 o - a +4 ring of slaying (left hand)
 E - a +3 amulet of reflection (around neck)
 F - a +2 ring of slaying (right hand)
Wands
 n - a wand of teleportation (4/9)
 z - a wand of polymorph (2/24)
 A - a wand of digging (17/24)
 B - a wand of enslavement (7/24)
 C - a wand of flame (24/48)
 H - a wand of lightning (1/15)
 J - a wand of slowing (2/48)
 L - a wand of iceblast (1/15)
 T - a wand of flame (21/48)
 U - a wand of heal wounds (0/9)
Scrolls
 c - a scroll of recharging {unknown}
 d - a scroll of blinking
 j - 4 scrolls of remove curse
 l - 7 scrolls of enchant weapon
 p - a scroll of enchant armour
 q - 3 scrolls of teleportation
 v - a scroll of magic mapping
 N - 2 scrolls of amnesia
Potions
 e - a potion of invisibility
 s - 2 potions of brilliance
 x - a potion of heal wounds
 K - a potion of cancellation
 M - 2 potions of curing
 P - a potion of ambrosia
 Q - a potion of degeneration {unknown}
 R - a potion of agility
 X - a potion of might
Books
 w - a book of Transfigurations

   Spells                             Type                      Level
   a - Irradiate                      Conjuration/Transmutation    5
   b - Statue Form                    Transmutation/Earth          6
   c - Hydra Form                     Transmutation                6
   d - Dragon Form                    Transmutation                7
 G - a book of the Sky

   Spells                             Type                      Level
   a - Summon Lightning Spire         Summoning/Air                4
   b - Airstrike                      Air                          4
   c - Silence                        Hexes/Air                    5
   d - Deflect Missiles               Charms/Air                   6
   e - Conjure Ball Lightning         Conjuration/Air              6
   f - Tornado                        Air                          9
Miscellaneous
 a - a lamp of fire
Comestibles
 f - 13 bread rations
 g - 3 meat rations
 t - a slice of pizza
 u - 3 beef jerkies
 S - 2 royal jellies


   Skills:
 * Level 12.2 Fighting
 + Level 13.1 Maces & Flails
 * Level 11.3 Armour
 * Level 2.5 Dodging
 * Level 11.8 Shields
 * Level 6.2 Invocations
 * Level 5.4 Evocations


You had 13 spell levels left.
You didn't know any spells.

Dungeon Overview and Level Annotations

Branches:
Dungeon (15/15)            Temple (1/1) D:6            Lair (0/8) D:9
    Orc (0/2) D:12         Vaults (0/5) D:13
 Depths: D:15

Altars:
Ashenzari
Cheibriados
Dithmenos
Elyvilon
Fedhas
Gozag
Kikubaaqudgha
Makhleb
Nemelex Xobeh
Okawaru
Pakellas
Qazlal
Ru
Sif Muna
Trog
Vehumet
Xom
Yredelemnul
The Shining One

Shops:
D:5 %   D:8 [   D:11 (   D:13 [


Innate Abilities, Weirdness & Mutations

You are resistant to torment.
Your stone body is resilient (AC +9).
You are immune to poison.
Your large and strong wings let you fly indefinitely.
You resist negative energy. (rN+)
You are resistant to electric shocks. (rElec)
You can survive without breathing.
You are immune to petrification.
You are immune to rotting.


Message History

The ice dragon claws you but does no damage.
The ice dragon tramples you but does no damage.
The fire dragon bites you but does no damage.
You block the fire dragon's attack. x2
Unknown command.
Unknown command.
Unknown command.
Zapping:
T - a wand of flame {zapped: 3} (will waste charges)
Press: ? - help, Shift-Dir - straight line, f/p - ice dragon
Aim: an ice dragon (catching its breath)
The puff of flame hits the ice dragon.
The ice dragon is burned terribly!
The ice dragon is lightly wounded.
Evoking this partially-identified wand wasted a few charges.
You block the ice dragon's attack.
The ice dragon claws you but does no damage.
You block the ice dragon's attack. The fire dragon breathes flames at you.
The blast of flame hits you! The fire burns you terribly!
Ouch! That really hurt!
You die...

##.## #.###.###.# #.## #.# #.#
#.# #.# #.# #.# #.# #.# #.# #.#
##+## #.# #.# #.# ###.# ##...##
#.# #.###.# #...# #.....##
#.###.##..#######.### .......##
#....##...##...#..# #
....(...####...##....##.#....####
........'......#@.8.............'
........####...#DD...###.#...####
.......## ##..#.##.####.##..# #
#.....## ####.####....###.#
##...## ... #.##.###.# ###'##
..#. #........# # #.# ##### $. .
#..#####.# ###.###...## $. .$
##.#...#.# ...........#
#.'.⌠.+.####


You could see a fire dragon and an ice dragon.

Vanquished Creatures
  Gastronok (D:12)
  A spark wasp (D:12)
  8 vault guards (D:13)
  A fire dragon (D:12)
  4 centaur warriors
  A tengu warrior (D:13)
  A queen ant (D:9)
  Urug (D:11)
  The ghost of Kidiri the Magician, a novice HEFE (D:7)
  2 unseen horrors
  4 hill giants
  A deep elf mage (D:12)
  3 cyclopes
  Maurice (D:8)
  Psyche (D:9)
  A vault sentinel (D:13)
  A centaur zombie (D:11)
  3 gargoyles
  A komodo dragon (D:9)
  An efreet (D:14)
  2 trolls
  4 two-headed ogres
  5 slime creatures (D:14)
  3 shadows
  A spriggan (D:7)
  20 yaks
  4 hippogriffs
  9 vampire mosquitoes
  2 hungry ghosts
  A mottled dragon (D:13)
  2 steam dragons
  2 basilisks
  6 soldier ants
  2 black bears (D:8)
  4 ice beasts
  10 orc warriors
  5 phantoms
  A sky beast (D:8)
  11 ogres
  12 centaurs
  A crocodile (D:14)
  9 giant frogs
  7 big kobolds
  2 wyvern zombies
  8 gnoll sergeants
  A water moccasin skeleton (D:8)
  4 scorpions
  23 killer bees
  7 wights
  5 howler monkeys (D:11)
  8 crimson imps
  2 quasits
  3 giant frog zombies
  8 hounds
  5 centaur skeletons
  8 orc priests
  9 jellies
  7 orc wizards
  5 gnoll shamans (Bailey)
  2 iguanas (D:12)
  Ijyb (D:2)
  24 worker ants
  A hell rat (D:12)
  A hound skeleton (D:5)
  30 gnolls
  13 adders
  2 shadow imps
  3 worms
  4 dart slugs
  2 giant geckos (D:3)
  56 orcs
  4 giant cockroaches
  9 goblins
  7 hobgoblins
  16 jackals
  A quokka (D:6)
  3 ball pythons
  10 bats
  A giant gecko skeleton (D:6)
  A giant gecko zombie (D:6)
  4 giant newts
  A jackal zombie (D:6)
  29 kobolds
  9 rats
500 creatures vanquished.

Vanquished Creatures (collateral kills)
  2 gnoll sergeants (Bailey)
  4 worker ants (D:9)
  A gnoll (Bailey)
7 creatures vanquished.

Vanquished Creatures (others)
  A cyclops (D:15)
  A gnoll shaman (Bailey)
  5 sheep (D:5)
  2 plants (D:9)
9 creatures vanquished.

Grand Total: 516 creatures vanquished

Notes
Turn   | Place    | Note
--------------------------------------------------------------
     0 | D:1      | protoss039 the Gargoyle Fighter began the quest for the Orb.
     0 | D:1      | Reached XP level 1. HP: 14/14 MP: 1/1
   304 | D:1      | Reached XP level 2. HP: 18/19 MP: 2/2
   787 | D:2      | Noticed Ijyb
   803 | D:2      | Killed Ijyb
   803 | D:2      | Reached XP level 3. HP: 23/24 MP: 3/3
   948 | D:2      | Reached XP level 4. HP: 29/29 MP: 4/4
  1463 | D:3      | Reached XP level 5. HP: 31/33 MP: 5/5
  1583 | D:3      | Reached skill level 5 in Shields
  1724 | D:3      | Reached XP level 6. HP: 29/38 MP: 6/6
  2133 | D:4      | Reached skill level 3 in Maces & Flails
  2513 | D:4      | Found a deep blue altar of Sif Muna.
  2513 | D:4      | Found an opulent altar of Gozag.
  2514 | D:4      | Found a glowing golden altar of the Shining One.
  2591 | D:4      | Reached XP level 7. HP: 39/44 MP: 7/7
  2612 | D:4      | Found a sparkling altar of Nemelex Xobeh.
  2775 | D:5      | Entered Level 5 of the Dungeon
  2793 | D:5      | Found Voguhaz's Food Boutique.
  2799 | D:5      | Found a sparkling altar of Nemelex Xobeh.
  2808 | D:5      | Reached skill level 5 in Armour
  2977 | D:5      | Found a stormy altar of Qazlal.
  3259 | D:5      | Found a shimmering altar of Xom.
  3434 | D:5      | Reached skill level 4 in Maces & Flails
  3485 | D:6      | Found a staircase to the Ecumenical Temple.
  3534 | D:5      | Reached skill level 5 in Fighting
  3534 | D:5      | Reached XP level 8. HP: 37/49 MP: 8/8
  3774 | Temple   | Entered the Ecumenical Temple
  3930 | D:6      | Reached skill level 5 in Maces & Flails
  4818 | D:7      | Reached skill level 6 in Maces & Flails
  4818 | D:7      | Reached XP level 9. HP: 52/55 MP: 9/9
  4895 | D:7      | Noticed Kidiri's ghost (novice HEFE)
  5240 | D:8      | Noticed Maurice
  5307 | D:8      | Killed Maurice
  5673 | D:7      | Killed Kidiri's ghost
  5673 | D:7      | Reached skill level 7 in Maces & Flails
  5673 | D:7      | Reached skill level 1 in Evocations
  6013 | D:7      | Reached XP level 10. HP: 55/63 MP: 10/10
  6143 | D:7      | Found a snail-covered altar of Cheibriados.
  6219 | D:8      | Reached skill level 10 in Shields
  6223 | D:8      | Found Lucowitu's Antique Armour Shop.
  6234 | D:8      | Bought a runed shield for 121 gold pieces
  6353 | D:8      | Gained mutation: You are agile. (Dex +2) [mutagenic meat]
  6354 | D:8      | Gained mutation: Your body sometimes deteriorates upon taking damage. [mutagenic meat]
  6854 | D:8      | Found an iron altar of Okawaru.
  6872 | D:8      | Became a worshipper of Warmaster Okawaru
  7124 | D:9      | Reached skill level 8 in Maces & Flails
  7293 | D:9      | Reached * piety under Okawaru
  7411 | D:9      | Reached skill level 1 in Invocations
  7561 | D:9      | Found a staircase to the Lair.
  7748 | D:9      | Reached ** piety under Okawaru
  7761 | D:9      | Reached skill level 9 in Maces & Flails
  7761 | D:9      | Reached XP level 11. HP: 57/69 MP: 12/12
  7833 | D:9      | Noticed Psyche
  7849 | D:9      | Killed Psyche
  7932 | D:9      | Got a crude ring mail
  7947 | D:9      | Identified the +4 ring mail of Immorality {rF- rC+ Regen+} (You found it on level 9 of the Dungeon)
  8249 | D:9      | Noticed a queen ant
  8261 | D:9      | Reached *** piety under Okawaru
  8273 | D:9      | Killed a queen ant
  8464 | D:10     | Entered Level 10 of the Dungeon
  8488 | D:10     | Noticed a hill giant
  8504 | D:10     | Noticed a hill giant
  8627 | D:9      | Killed a hill giant
  8627 | D:9      | Reached **** piety under Okawaru
  8627 | D:9      | Reached skill level 10 in Maces & Flails
  8914 | D:10     | Killed a hill giant
  9562 | D:11     | Found a flagged portal.
  9570 | Bailey   | Entered a bailey
  9756 | Bailey   | Reached ***** piety under Okawaru
  9765 | Bailey   | Reached XP level 12. HP: 41/76 MP: 15/15
 10143 | D:11     | Reached skill level 5 in Invocations
 10144 | D:11     | Found Olyomel's Antique Weapon Shop.
 10380 | D:11     | Noticed Urug
 10416 | D:11     | Killed Urug
 10752 | D:11     | Reached skill level 11 in Maces & Flails
 10990 | D:12     | Received a gift from Okawaru
 10990 | D:12     | Reached skill level 10 in Fighting
 11030 | D:12     | Found a staircase to the Orcish Mines.
 11380 | D:12     | Received a gift from Okawaru
 11399 | D:12     | Reached skill level 5 in Evocations
 11516 | D:12     | Reached skill level 10 in Armour
 11561 | D:12     | Noticed Gastronok
 11583 | D:12     | Killed Gastronok
 11583 | D:12     | Reached ****** piety under Okawaru
 11814 | D:12     | Noticed a fire dragon
 11839 | D:12     | Killed a fire dragon
 11839 | D:12     | Received a gift from Okawaru
 11839 | D:12     | Reached skill level 12 in Maces & Flails
 11839 | D:12     | Reached XP level 13. HP: 26/84 MP: 17/17
 11842 | D:12     | Got a jewelled flail {god gift}
 11847 | D:12     | Identified the +8 flail of the Evening {drain, rC+} (Okawaru gifted it to you on level 12 of the Dungeon)
 12022 | D:12     | Lost mutation: Your body sometimes deteriorates upon taking damage. [potion of cure mutation]
 12022 | D:12     | Lost mutation: You are agile. (Dex +2) [potion of cure mutation]
 12028 | D:12     | Upgraded the game from 0.19-a0-160-gd53b84c to 0.19-a0-188-ga21aea4
 12223 | D:13     | Found Gofeoddo's Specialty Armours.
 12484 | D:13     | Noticed a spark wasp
 12484 | D:13     | a hill giant changed into a spark wasp
 12854 | D:12     | Killed a spark wasp
 13326 | D:13     | Noticed a vault guard
 13326 | D:13     | Noticed a vault guard
 13327 | D:13     | Found a gate to the Vaults.
 13327 | D:13     | Noticed a vault guard
 13327 | D:13     | Noticed a vault guard
 13327 | D:13     | Noticed a vault guard
 13327 | D:13     | Noticed a vault guard
 13328 | D:13     | Noticed a vault guard
 13328 | D:13     | Noticed a vault guard
 13337 | D:13     | Killed a vault guard
 13345 | D:13     | Killed a vault guard
 13345 | D:13     | Reached skill level 1 in Dodging
 13348 | D:13     | Killed a vault guard
 13348 | D:13     | Received a gift from Okawaru
 13353 | D:13     | Killed a vault guard
 13360 | D:13     | Killed a vault guard
 13375 | D:13     | Killed a vault guard
 13378 | D:13     | Killed a vault guard
 13385 | D:13     | Killed a vault guard
 13417 | D:13     | Got a fine morningstar {god gift}
 13430 | D:13     | Identified the +2 morningstar of Zucaefee {freeze, Int+4} (Okawaru gifted it to you on level 13 of the Dungeon)
 13919 | D:14     | Received a gift from Okawaru
 14162 | D:14     | Reached skill level 13 in Maces & Flails
 14240 | D:14     | Gained mutation: Your large and strong wings let you fly indefinitely. [Gargoyle growth]
 14240 | D:14     | Reached XP level 14. HP: 90/92 MP: 18/18
 14588 | D:15     | Entered Level 15 of the Dungeon
 15203 | D:15     | Killed from afar by a fire dragon

Vault maps used:
D:1:      matt_arrival_grand_opening
D:2:      nicolae_overflow_hidden_temple, grunt_ministairs_5, uniq_iyjb
D:3:      first_bread
D:4:      gammafunk_temple_overflow_forgotten, lemuel_coloured_pillars_altar
D:5:      grunt_qazlal_sundering, kb_xom_exploding_sheep, serial_shops,
          nicolae_shop_waterfront, nemelex_lonely_heart_becter
D:6:      minmay_temple_entry_purple_smoke
D:7:      basic_altar, the_bakery, grunt_ministairs_6
D:8:      corexii_shack_village, okawaru_metal_pillars_3, serial_shops,
          nicolae_shop_crystal, hangedman_decor_diamond_cutter, uniq_maurice
D:9:      david_lair_shrubbed, minmay_statues_item, zaba_antful_of_joy,
          uniq_psyche
D:10:     hex_large
D:11:     serial_shops, nicolae_shop_crystal, enter_bailey_2, uniq_urug
D:12:     kennysheep_orc_monster_closet_entryway, serial_aquarium,
          aquarium_bridge_square, aquarium_bridge_straight,
          aquarium_window_fake, aquarium_window_corner, aquarium_view_2d,
          aquarium_view_2d, aquarium_balcony_3b, aquarium_pool_2, uniq_gastronok
D:13:     erik_vaults_2, nicolae_barding_shop
D:14:     roderic_roman_lattice, kennysheep_generic_room_7
D:15:     grunt_enter_depths_hoard, minmay_misc_feat_room, nrook_mini_backslash
Temple:   eino_temple_water_12
Bailey:   bailey_polearm_gnolls_kennysheep, bailey

Skill      XL: |  1  2  3  4  5  6  7  8  9 10 11 12 13 |
---------------+----------------------------------------+-----
Shields        | 4 5 6 7 8 9 10 11 | 11.8
Armour         | 4 5 6 8 9 10 11 | 11.3
Fighting       | 4 5 6 7 8 9 10 12 | 12.2
Maces & Flails | 3 4 6 7 9 10 12 13 | 13.1
Evocations     | 1 2 4 5 |  5.4
Invocations    | 2 4 6 |  6.2
Dodging        | 2 |  2.5

Action                   |  1- 3 |  4- 6 |  7- 9 | 10-12 | 13-15 || total
-------------------------+-------+-------+-------+-------+-------++-------
Melee: Flail             |   107 |   225 |   380 |   938 |       ||  1650
       Eveningstar       |       |       |       |    56 |   303 ||   359
Invok: Heroism           |       |       |       |     1 |     4 ||     5
       Finesse           |       |       |       |       |     2 ||     2
Evoke: Wand              |       |       |     2 |    32 |    14 ||    48
  Use: Scroll            |     5 |     7 |     3 |    15 |     2 ||    32
       Potion            |       |       |     5 |     5 |     6 ||    16
  Eat: Chunk             |       |     6 |     6 |    19 |     8 ||    39
       Pizza             |       |       |     1 |       |       ||     1
       Beef jerky        |       |       |     1 |     1 |       ||     2
       Meat ration       |       |       |     1 |       |     1 ||     2
Armor: Ring mail         |     9 |       |       |   412 |     7 ||   428
       Scale mail        |     6 |       |       |       |       ||     6
       Plate armour      |    63 |   178 |   190 |   133 |       ||   564
       Skin              |       |       |       |    12 |     4 ||    16
       Troll leather arm |       |       |       |     8 |       ||     8
       Fire dragon armou |       |       |       |       |    71 ||    71
Dodge: Dodged            |    20 |    66 |    91 |   303 |    69 ||   549
Block: Shield            |    78 |   189 |   250 |   770 |   206 ||  1493
       Reflection        |       |       |       |       |     6 ||     6
